 Dungeon Crawl Stone Soup version 0.30-b1-5-g8e6c1be481 (webtiles) character file.

Game seed: 381005071357493319

35 JosephusMaximus the Conjurer (level 3, 24/24 HPs)
             Began as a Human Hedge Wizard on May 5, 2023.
             Got out of the dungeon alive.
             The game lasted 00:06:30 (1491 turns).

JosephusMaximus the Conjurer (Human Hedge Wizard)   Turns: 1491, Time: 00:06:30

Health: 24/24      AC:  2    Str: 10    XL:     3   Next: 55%
Magic:  7/7        EV: 12    Int: 16    God:
Gold:   53         SH:  0    Dex: 12    Spells: 5/8 levels left

rFire   . . .        o - +3 short sword
rCold   . . .        (no shield)
rNeg    . . .        b - +0 robe
rPois   .            c - +0 hat
rElec   .            (no cloak)
rCorr   .            (no gloves)
SInv    .            (no boots)
Will    +....        (no amulet)
Stlth   ++           f - ring of willpower
HPRegen 0.24/turn    (no ring)
MPRegen 0.10/turn

%: no passive effects
@: no status effects
A: no striking features
a: no special abilities


You escaped.
You visited 1 branch of the dungeon, and saw 1 of its levels.

You collected 53 gold pieces.

Inventory:

Hand Weapons
 a - a +0 dagger
 o - a +3 short sword (weapon)
Missiles
 l - 9 stones
 m - 5 poisoned darts
 p - a throwing net
Armour
 b - a +0 robe (worn)
 c - a +0 hat (worn)
Jewellery
 f - a ring of willpower (left hand)
Scrolls
 g - a scroll of poison {unknown}
 i - a scroll of amnesia {unknown}
 j - a scroll of teleportation {unknown}
 k - a scroll of noise {unknown}
 n - 2 scrolls of magic mapping {unknown}
 r - a scroll of acquirement {unknown}
Potions
 d - a potion of magic
 e - a potion of invisibility {unknown}
 h - 2 potions of brilliance {unknown}
 q - a potion of might {unknown}


   Skills:
 - Level 2.0 Dodging
 - Level 2.0 Stealth
 - Level 3.0 Spellcasting
 + Level 3.2 Conjurations
 - Level 1.0 Summonings
 - Level 1.0 Translocations


You had 5 spell levels left.
You knew the following spells:

 Your Spells              Type           Power      Damage    Failure   Level
a - Magic Dart            Conj           48%        1d5       4%          1
b - Blink                 Tloc           10%        N/A       19%         2

Your spell library contained the following spells:

 Spells                   Type           Power      Damage    Failure   Level
 Slow                     Hex            8%         N/A       19%         1
 Call Imp                 Summ           10%        N/A       19%         2
 Cigotuvi's Dreadful Rot  Necr/Pois/Air  4%         N/A       28%         2
 Mephitic Cloud           Conj/Pois/Air  5%         N/A       36%         3


Dungeon Overview and Level Annotations

Branches:
Dungeon (1/15)

Altars:

Annotations:
D:1 exclusion: gnoll


Message History

The jackal barely misses you.
Casting: Magic Dart (safe; 5% risk of failure)
Confirm with . or Enter, or press ? or * to list all spells.
Aiming: Magic Dart (safe; 5% risk of failure)
Press: ? - help, Shift-Dir - straight line, f/p - jackal
Aim: a jackal (almost dead, 100% to hit)
The magic dart hits the jackal.
You kill the jackal!
You start resting.
A gnoll is nearby!
You start resting.
A jackal is nearby!
The jackal barks!
You hit the jackal.
The jackal is heavily wounded.
The jackal bites you.
You closely miss the jackal.
The jackal is heavily wounded.
The jackal misses you. The jackal bites you.
You hit the jackal.
The jackal is severely wounded.
The jackal bites you.
You hit the jackal but do no damage.
The jackal is severely wounded.
The jackal closely misses you. x2
You hit the jackal.
You kill the jackal!
You start resting.
HP restored.
You start resting.
Magic restored.
Okay, then.
Okay, then.
Unknown command.
Press: ? - help, . - travel You can't see that place. [a staircase leading out of the dungeon.]
There is a staircase leading out of the dungeon here.
Are you sure you want to leave the Dungeon?
This will make you lose the game!
You have escaped!

........#....##...#.#.#####.##.##
........#....##...#.#........#...
........#....##...#.#####..).....
.......>.........................
.............#.#.#.######........
............#.#.#.#.# #........
............+#.#.#.## #........
............#.#.#.#.# #........
.........###.#.#@#.## #........
.........####.#.#.#.# #........
########..##.#.#.#.## #........
##.###.#.#.#.# #........
#.......##### #........ #########
#######'# ###.. #.... ## #....


There were no monsters in sight!

Vanquished Creatures
  4 ball pythons (D:1)
  2 bats (D:1)
  3 endoplasms (D:1)
  5 hobgoblins (D:1)
  7 jackals (D:1)
  A quokka (D:1)
  A frilled lizard (D:1)
  2 goblins (D:1)
  A kobold (D:1)
  4 rats (D:1)
30 creatures vanquished.

Notes
Turn   | Place    | Note
-------+----------+-------------------------------------------
     0 | D:1      | JosephusMaximus the Human Hedge Wizard began the quest for
                  | the Orb.
     0 | D:1      | Reached XP level 1. HP: 13/13 MP: 4/4
   280 | D:1      | Reached XP level 2. HP: 19/19 MP: 4/6
   283 | D:1      | Learned a level 2 spell: Blink
   510 | D:1      | Found a faded altar of an unknown god.
   915 | D:1      | Reached XP level 3. HP: 24/24 MP: 4/7
  1491 | D:$      | Got out of the dungeon alive.

Illustrated notes

Levels and vault maps discovered:
D:1:      lightli_arrival_chessboard, layout_basic,
          ebering_ecumenical_altar_sacrificial

Skill      XL: |  1  2  3 |
---------------+----------+-----
Conjurations   | 2 3 |  3.2
Dodging        | |  2.0
Stealth        | |  2.0
Spellcasting   | |  3.0
Summonings     | |  1.0
Translocations | |  1.0

Action                     || total
---------------------------++-------
  Melee: Dagger            ||     1
         Short sword       ||    13
   Cast: Magic Dart        ||    68
   Stab: Sleeping          ||     3
 Armour: Robe              ||     5
  Dodge: Dodged            ||    18
